AoeStats
← -Luxo-

Arabia

504795156Analyzed
1v1 RM · 27d ago on Sep 6, 2026· 57m 20s· 2 players
Game mode
Random Map
Map size
Tiny (2 player)
Population
200
Speed
Normal
Resources
Standard
Victory
Conquest
Starting age
Dark Age
Ending age
Imperial Age
RankedLock teamsTeams togetherTeam positionsShared explorationLock speedFull tech treeHidden civsTurbo modeCheats
Victory
Defeat
🇮🇳 Armenians · India
920
+17
🇩🇪 Celts · Germany
936
-17
Manly
4:39 Loom
11:06 Feudal Age
12:55 Wheelbarrow
12:15 Man-at-Arms
13:27 Long Swordsman
15:17 Arson
17:27 Scale Mail Armor
20:09 Double-Bit Axe
20:08 Horse Collar
21:00 Forging
25:18 Castle Age
25:38 Two-Handed Swordsman
27:53 Bow Saw
28:01 Gambesons
28:37 Chain Mail Armor
30:34 Squires
31:13 Iron Casting
31:47 Hand Cart
36:43 Imperial Age
37:00 Capped Ram
37:23 Champion
38:38 Plate Mail Armor
39:09 Blast Furnace
38:51 Stone Mining
47:26 Fereters
47:43 Conscription
47:59 Hoardings
50:43 Chemistry
49:55 Masonry
-Luxo-
9:31 Loom
13:00 Feudal Age
13:29 Double-Bit Axe
13:26 Horse Collar
14:23 Wheelbarrow
22:18 Castle Age
20:37 Stone Mining
23:49 Bow Saw
23:41 Heavy Plow
26:58 Crossbowman
31:38 Hand Cart
31:28 Elite Skirmisher
33:04 Stronghold
35:18 Fletching
42:51 Imperial Age
43:15 Town Watch
44:18 Conscription
44:09 Furor Celtica
44:39 Hoardings
44:10 Bodkin Arrow
45:39 Town Patrol
47:17 Elite Woad Raider
49:06 Forging
48:57 Scale Mail Armor
54:47 Ballistics
54:23 Murder Holes
Connection lost

Rejoining the realm…

Still unreachable

The connection could not be restored.

Session expired

The server has moved on; the page needs a fresh start.